 Dungeon Crawl Stone Soup version 0.30-b1-2-g02819fbbbe (webtiles) character file.

Game seed: 12984895052580952166

156 Alarkh the Insei (level 5, -1/42 HPs)
             Began as a Demonspawn Chaos Knight on May 20, 2023.
             Was a Plaything of Xom.
             Slain by an unseen horror (glowing shapeshifter) (4 damage)
             ... on level 3 of the Dungeon.
             The game lasted 00:04:14 (1963 turns).

Alarkh the Insei (Demonspawn Chaos Knight)          Turns: 1963, Time: 00:04:15

Health: -1/42      AC: 10    Str: 10 (11) XL:     5   Next: 14%
Magic:  4/4        EV: 10    Int: 19 (20) God:    Xom [.*....]
Gold:   152        SH:  0    Dex: 15 (17) Spells: 4/4 levels left

rFire   + +          .
                       - Unarmed
rCold   + . .        (no shield)
rNeg    . . .        t - +4 ring mail {rF+}
rPois   +            (no helmet)
rElec   +            q - +0 cloak
rCorr   +            (no gloves)
SInv    .            (no boots)
Will    .....        m - amulet of faith
Stlth   +            i - +6 ring of dexterity
HPRegen 0.27/turn    (no ring)
MPRegen 0.09/turn

%: faith
@: resistant, on berserk cooldown, slowed, very slow
A: powered by death 1, spiny 2, clever 1, low MP 1
a: Renounce Religion


You were on level 3 of the Dungeon.
You worshipped Xom.
You were a plaything of Xom.
You visited 1 branch of the dungeon, and saw 3 of its levels.

You collected 152 gold pieces.

Inventory:

Armour
 a - a +2 leather armour
 q - a +0 cloak (worn)
 t - a +4 ring mail of fire resistance (worn)
Magical Staves
 p - a staff of air
Jewellery
 e - an amulet of guardian spirit
 i - a +6 ring of dexterity (left hand)
 m - an amulet of faith (around neck)
Scrolls
 g - a scroll of blinking {unknown}
 j - a scroll of acquirement {unknown}
 n - a scroll of identify {unknown}
 o - a scroll of fear {unknown}
 r - a scroll of immolation {unknown}
 u - a scroll of teleportation {unknown}
Potions
 h - a potion of attraction {unknown}
 l - a potion of mutation {unknown}
 s - a potion of heal wounds {unknown}
Miscellaneous
 b - a piece from Xom's chessboard (13/15) (quivered)


   Skills:
 + Level 4.1 Fighting
 - Level 1.7 Armour
 - Level 0.8 Dodging
 * Level 4.7 Unarmed Combat


You had 4 spell levels left.
You didn't know any spells.
Your spell library was empty.

Dungeon Overview and Level Annotations

Branches:
Dungeon (3/15)

Altars:
Trog
Xom
Yredelemnul

Annotations:
D:3 2 transporters


Innate Abilities, Weirdness & Mutations

You regenerate a little health from kills.
You are mostly covered in sharp spines.
Your mind is acute. (Int +4, Str/Dex -1)
Your magical capacity is low. (-10% MP)


Message History

You are exhausted.
You feel yourself slow down.
You bump into the rock wall.
You bump into the rock wall.
You feel less confused. Xom alters the dungeon around you.
The orb spider changes into a redback!
There is a shimmering altar of Xom here.
Okay, then.
As you read the scroll labelled QOGOTAR LU GAZ, it crumbles to dust.
It is a scroll of enchant armour.
Your +3 ring mail of fire resistance glows green for a moment.
The redback is struck by your spines. The redback barely misses you.
The redback completely misses you.
It was a potion of resistance.
You feel protected.
The redback changes into an elephant!
The elephant attacks as you move away! The elephant tramples you.
The elephant trunk-slaps you but does no damage.
Okay, then.
You make a move on Xom's chessboard...
The elephant twists and deforms.
The elephant tramples you.
You stumble backwards!
The elephant is struck by your spines. The elephant tramples you.
You stumble backwards!
The elephant misses you. The elephant barely misses you.
The elephant attacks as you move away! The elephant is struck by your spines.
The elephant tramples you.
* * * LOW HITPOINT WARNING * * *
The elephant barely misses you.
The elephant tramples you but does no damage.
The elephant trunk-slaps you but does no damage.
The elephant changes into something you cannot see!
Something hits you.
* * * LOW HITPOINT WARNING * * *
Deactivating autopickup; reactivate with Ctrl-A.
Something hits you.
* * * LOW HITPOINT WARNING * * *
Something hits you but does no damage. x2
Something hits you.
You die...

#..............##### #..#.#..
#.)..#.........# #..###†.
#....#.........# ###...##..
#....#.........## ###.....####
#....#..........###..........#
#####.........................
#.#.........#####<.[..#...
####.#.......................
#....#.#..##@...[....#...#...
#....#.#..#)...........#.....
#.........#<.........#.......
#......#.##..........).#.#...
#....#.#...............#.###.
#....#.####...............#..
#....#.####.........####.....
######..............)........
###..###.........#####..##


There were no monsters in sight!

Vanquished Creatures
  Jessica (D:3)
  Terence (D:3)
  An orc wizard (D:3)
  An adder (D:2)
  A shadow imp (D:3)
  An adder zombie (D:3)
  A dart slug (D:3)
  3 orcs (D:3)
  5 endoplasms
  3 giant cockroaches (D:1)
  5 goblins
  7 hobgoblins
  3 kobolds
  A quokka (D:1)
  7 ball pythons
  6 bats (D:1)
  4 frilled lizards
  A giant cockroach zombie (D:3)
  4 rats
56 creatures vanquished.

Vanquished Creatures (others)
  6 plants (D:3)
6 creatures vanquished.

Grand Total: 62 creatures vanquished

Notes
Turn   | Place    | Note
-------+----------+-------------------------------------------
     0 | D:1      | Alarkh the Demonspawn Chaos Knight began the quest for the
                  | Orb.
     0 | D:1      | Reached XP level 1. HP: 18/18 MP: 1/1
    61 | D:1      | XOM: divination: detect items
    99 | D:1      | XOM: butterfly on damage
   172 | D:1      | Gained mutation: You are partially covered in sharp spines.
                  | [demonic ancestry]
   172 | D:1      | Reached XP level 2. HP: 22/24 MP: 2/2
   340 | D:1      | XOM: silly message
   392 | D:1      | XOM: silly message
   408 | D:1      | Gained mutation: You are mostly covered in sharp spines.
                  | [demonic ancestry]
   408 | D:1      | Reached XP level 3. HP: 29/29 MP: 3/3
  1225 | D:3      | Noticed Jessica
  1229 | D:3      | Reached XP level 4. HP: 37/37 MP: 4/4
  1230 | D:3      | XOM: summons 3 hostile demons
  1232 | D:3      | XOM: smoke on damage
  1246 | D:3      | Killed Jessica
  1375 | D:2      | XOM: give mutations
  1375 | D:2      | Gained mutation: Your magical capacity is low. (-10% MP)
                  | [Xom's mischief]
  1375 | D:2      | Gained mutation: Your mind is acute. (Int +4, Str/Dex -1)
                  | [Xom's mischief]
  1446 | D:3      | a rat changed into a glowing shapeshifter
  1446 | D:3      | Noticed a glowing shapeshifter (glowing shapeshifter)
  1446 | D:3      | XOM: polymorph rat -> glowing shapeshifter
  1446 | D:3      | a glowing shapeshifter changed into an elephant
  1446 | D:3      | Noticed an elephant (glowing shapeshifter)
  1456 | D:3      | an elephant changed into a faun
  1456 | D:3      | Noticed a faun (glowing shapeshifter)
  1496 | D:3      | Noticed Terence
  1519 | D:3      | Killed Terence
  1520 | D:3      | Gained mutation: You regenerate a little health from kills.
                  | [demonic ancestry]
  1520 | D:3      | Reached XP level 5. HP: 22/42 MP: 4/4
  1652 | D:3      | Found a basalt altar of Yredelemnul.
  1680 | D:3      | Identified the +6 trident of Woaq {venom, *Rage rPois rC+
                  | Dex+2}
  1680 | D:3      | Identified the -1 kite shield of Good Intentions {rN+
                  | Str+3}
  1695 | D:3      | Found a transporter.
  1733 | D:3      | Found a transporter.
  1807 | D:3      | XOM: summons 1 hostile shadow creature
  1885 | D:3      | Found a bloodstained altar of Trog.
  1915 | D:3      | Noticed a shining eye
  1915 | D:3      | a shining eye changed into a floating eye
  1915 | D:3      | Noticed a floating eye (glowing shapeshifter)
  1924 | D:3      | Noticed a salamander
  1924 | D:3      | a salamander changed into a meliai
  1924 | D:3      | Noticed a meliai (glowing shapeshifter)
  1930 | D:3      | a meliai changed into a jumping spider
  1930 | D:3      | Noticed a jumping spider (glowing shapeshifter)
  1934 | D:3      | a jumping spider changed into a culicivora
  1934 | D:3      | Noticed a culicivora (glowing shapeshifter)
  1937 | D:3      | a culicivora changed into a glowing shapeshifter
  1937 | D:3      | Noticed a glowing shapeshifter (glowing shapeshifter)
  1937 | D:3      | XOM: polymorph culicivora -> glowing shapeshifter
  1937 | D:3      | a glowing shapeshifter changed into an orb spider
  1937 | D:3      | Noticed an orb spider (glowing shapeshifter)
  1939 | D:3      | XOM: confusion (+ monsters)
  1946 | D:3      | XOM: scenery: create altars
  1946 | D:3      | an orb spider changed into a redback
  1946 | D:3      | Noticed a redback (glowing shapeshifter)
  1951 | D:3      | a redback changed into an elephant
  1951 | D:3      | Noticed an elephant (glowing shapeshifter)
  1959 | D:3      | an elephant changed into something unseen
  1961 | D:3      | HP: 2/42 [something (5)]
  1963 | D:3      | Slain by an unseen horror (glowing shapeshifter)

Illustrated notes

Levels and vault maps discovered:
D:1:      lemuel_arrival_river_ford, layout_loops_ring, minmay_distorted
D:2:      layout_rooms
D:3:      layout_rooms, lemuel_zombie_altar_yredelemnul, lemuel_tele_altar,
          gammafunk_ghost_gnarly_gnolls, wander_ebering_terrifying_dragon_lair,
          uniq_terence, uniq_jessica

Skill      XL: |  1  2  3  4 |
---------------+-------------+-----
Unarmed Combat | 3 4 |  4.7
Fighting       | 4 |  4.1
Armour         | |  1.7
Dodging        | |  0.8

Action                     |  1- 3 |  4- 6 || total
---------------------------+-------+-------++-------
  Melee: Unarmed           |   106 |    89 ||   195
         Punch             |     2 |     4 ||     6
  Evoke: Piece from Xom's  |       |     2 ||     2
    Use: Potion            |       |     3 ||     3
         Scroll            |       |     1 ||     1
   Stab: Petrified         |       |     9 ||     9
         Petrifying        |       |     1 ||     1
         Sleeping          |       |     1 ||     1
 Armour: Leather armour    |    40 |    15 ||    55
         Ring mail         |       |    12 ||    12
  Dodge: Dodged            |    62 |    32 ||    94
